 Dungeon Crawl Stone Soup version 0.23.1 (console) character file.

Game seed: 1721864126886556584

40 fly the Ducker (level 3, 0/34 HPs)
             Began as an Octopode Transmuter on Mar 19, 2019.
             Succumbed to an adder's poison
             ... on level 2 of the Dungeon.
             The game lasted 00:01:29 (842 turns).

fly the Ducker (Octopode Transmuter)                 Turns: 842, Time: 00:01:30

Health: 0/34       AC:  1    Str: 14    XL:     3   Next: 50%
Magic:  5/6        EV: 14    Int: 15    God:
Gold:   37         SH:  0    Dex: 13    Spells: 5/6 levels left

rFire    . . .     SeeInvis .     - Unarmed
rCold    . . .     Gourm    .   (no shield)
rNeg     . . .     Faith    .   (helmet restricted)
rPois    .         Spirit   .   (no amulet)
rElec    .         Reflect  .   d - ring of teleportation (curse)
rCorr    .         Harm     .   (no ring)
MR       .....     Rnd*Tele +   (no ring)
Stlth    ..........             (no ring)
HPRegen  0.11/turn              (no ring)
MPRegen  0.10/turn              (no ring)
                                (no ring)
                                (no ring)

@: berserking, lethally poisoned (0 -> -5), appendage, very quick
A: almost no armour, stealthy swim, amphibious, 8 rings, constrict 8, tentacle
spike 3, camouflage 1, gelatinous body 1
a: End Transformation


You were on level 2 of the Dungeon.
You were not hungry.
One of your tentacles had a temporary spike.
You visited 1 branch of the dungeon, and saw 2 of its levels.

You collected 37 gold pieces.

Inventory:

Missiles
 a - 37 arrows
Jewellery
 d - a cursed ring of teleportation (left tentacle)
Scrolls
 b - a scroll of enchant armour {unknown}
 e - a scroll of identify {unknown}
 g - 2 scrolls of teleportation {unknown}
Comestibles
 c - 6 rations
 h - 2 chunks of flesh


   Skills:
 - Level 1.0 Fighting
 * Level 3.3 Dodging
 - Level 3.0 Unarmed Combat
 - Level 2.0 Spellcasting
 + Level 2.6 Transmutations


You had 5 spell levels left.
You knew the following spells:

 Your Spells              Type           Power        Failure   Level  Hunger
z - Beastly Appendage     Tmut           #.....       8%          1    #......

Your spell library contained the following spells:

 Spells                   Type           Power        Failure   Level  Hunger
 Sticks to Snakes         Tmut           #.......     12%         2    ###....
 Spider Form              Tmut/Pois      #.........   36%         3    ###....
 Ice Form                 Ice/Tmut       #.......     78%         4    #####..
 Blade Hands              Tmut           #.........   91%         5    ######.


Dungeon Overview and Level Annotations

Branches:
Dungeon (2/15)

Altars:


Innate Abilities, Weirdness & Mutations

You cannot wear most types of armour.
You are very stealthy in the water. (Stealth+)
You are amphibious.
You can wear up to eight rings at the same time.
You can use your tentacles to constrict eight enemies at once.
Your skin changes colour to match your surroundings (Stealth+).
Your rubbery body absorbs attacks. (AC +1, EV +1)
One of your tentacles bears a large vicious spike.


Message History

You closely miss the adder. Your grab misses the adder.
You pierce the adder.
The adder is heavily wounded.
The adder bites you.
You are poisoned.
The adder poisons you!
You barely miss the adder. Your grab misses the adder.
Your tentacle spike misses the adder.
The adder is heavily wounded.
You feel sick. The adder bites you.
* * * LOW HITPOINT WARNING * * *
You are lethally poisoned!
The adder poisons you! The adder bites you.
* * * LOW HITPOINT WARNING * * *
It was a potion of berserk rage.
A red film seems to cover your vision as you go berserk!
You feel yourself moving faster!
You feel mighty! The adder misses you.
You tentacle-slap the adder. You grab the adder.
The adder is severely wounded.
You constrict the adder.
You die...

####### #.....###
#.......#
########.†...#.#
###.....####.#...#
........KS@.>#.######
##.....######.#....#
#.....## #.##..##
#...((.#
#.##..########
##.....#
#.#..........#
#.....#
#.#........#.#
#.K...#
#.#....###.#.#
####.....#
#.#....#<#.#.#
#.$......#
#.#....#.#.#.#


You could see an adder and a kobold.

Vanquished Creatures
  A worm (D:2)
  3 dart slugs
  2 leopard geckos (D:1)
  5 bats
  2 giant cockroaches (D:1)
  A goblin (D:1)
  4 hobgoblins (D:1)
  5 kobolds (D:1)
  3 frilled lizards
  2 rats
28 creatures vanquished.

Notes
Turn   | Place    | Note
-------+----------+-------------------------------------------
     0 | D:1      | fly the Octopode Transmuter began the quest for the Orb.
     0 | D:1      | Reached XP level 1. HP: 13/13 MP: 3/3
    95 | D:1      | Reached XP level 2. HP: 13/18 MP: 5/5
   288 | D:1      | Reached XP level 3. HP: 16/23 MP: 6/6
   840 | D:2      | HP: 1/23 [adder (5)]
   842 | D:2      | Succumbed to an adder's poison

Skill      XL: |  1  2 |
---------------+-------+-----
Dodging        | 3 |  3.3
Fighting       | |  1.0
Unarmed Combat | |  3.0
Spellcasting   | |  2.0
Transmutations | |  2.6

Action                   || total
-------------------------++-------
Melee: Unarmed           ||    75
       Constrict         ||    25
       Tentacles         ||     7
       Kick              ||     4
       Punch             ||     1
 Cast: Beastly Appendage ||     3
  Use: Potion            ||     1
 Stab: Sleeping          ||    10
Armor: Skin              ||     8
Dodge: Dodged            ||    55
